 Dungeon Crawl Stone Soup version 0.20.1-1-g8b1a95d (webtiles) character file.

142 equalderp2856 the Skirmisher (level 5, -1/41 HPs)
             Began as a Mummy Fighter on Oct 25, 2017.
             Killed from afar by Ijyb (9 damage)
             ... with a wand of lightning (?/15)
             ... on level 3 of the Dungeon.
             The game lasted 00:02:38 (2065 turns).

equalderp2856 the Skirmisher (Mummy Fighter)        Turns: 2065, Time: 00:02:39

Health: -1/41      AC:  6    Str: 20    XL:     5   Next: 3%
Magic:  6/6        EV:  7    Int:  8    God:
Gold:   75         SH:  9    Dex: 11    Spells: 6/6 levels left

rFire    x . .     SeeInvis .   a - +0 war axe
rCold    + . .     Gourm    .   c - +0 shield
rNeg     + + +     Faith    .   b - +0 scale mail
rPois    ∞         Spirit   .   (no helmet)
rElec    .         Reflect  .   (no cloak)
rCorr    .         Harm     .   (no gloves)
MR       .....                  (no boots)
Stlth    ..........             (no amulet)
Regen    0.2/turn               (no ring)
MPRegen  0.1/turn               (no ring)

@: no status effects
A: no food or potions, fire vulnerability, cold resistance 1, negative energy
resistance 3, torment resistance, unbreathing
a: no special abilities


You were on level 3 of the Dungeon.
You were not hungry.

You visited 1 branch of the dungeon, and saw 3 of its levels.

You collected 75 gold pieces.

Inventory:

Hand Weapons
 a - a +0 war axe (weapon)
Armour
 b - a +0 scale mail (worn)
 c - a +0 shield (worn)
 e - a +0 pair of gloves
Wands
 m - a wand of polymorph (10/24)
Scrolls
 d - 6 scrolls of identify {unknown}
 f - 2 scrolls of fear {unknown}
 g - a scroll of teleportation {unknown}
 h - 4 scrolls of random uselessness {unknown}
 i - a scroll of blinking {unknown}
 j - a scroll of amnesia {unknown}
 k - a scroll of magic mapping {unknown}
 l - a scroll of fog {unknown}


   Skills:
 + Level 3.5 Fighting
 * Level 2.9 Axes
 + Level 2.9 Armour
 + Level 0.5 Dodging
 + Level 2.9 Shields
 * Level 1.0 Spellcasting


You had 6 spell levels left.
You didn't know any spells.

Dungeon Overview and Level Annotations

Branches:
Dungeon (3/15)

Altars:

Annotations:
D:3 Ijyb


Innate Abilities, Weirdness & Mutations

You do not eat or drink.
Your flesh is vulnerable to fire.
You are immune to poison.
Your flesh is cold resistant. (rC+)
You are immune to negative energy. (rN+++)
You are immune to unholy pain and torment.
You can survive without breathing.


Message History

You have reached level 5!
You feel stronger.
You slash the hobgoblin!
You kill the hobgoblin!
No target in view!
Ijyb and a dart slug come into view.
Ijyb shouts!
You see here an adder corpse.
There are monsters nearby!
There are monsters nearby!
There are monsters nearby!
Ijyb zaps a wand.
The bolt of lightning hits you!
It is a wand of lightning (?/15).
The dart slug launches a dart at you. The slug dart hits you!
Ijyb zaps a wand.
The bolt of lightning hits you!
* * * LOW HITPOINT WARNING * * *
Unknown command.
Ijyb zaps a wand.
The bolt of lightning hits you!
You die...

#. . .##.
..##### #.....#
# #.....#
#.###.....#
##.#......†..##
...g....@.<...#
#########†....#
#.........
#.#####.## #.#
# ... ..w ≈≈≈≈
≈≈≈≈≈


You could see Ijyb and a dart slug.

Vanquished Creatures
  Jessica (D:2)
  3 gnolls
  3 adders
  An ooze (D:1)
  A dart slug (D:1)
  A leopard gecko (D:1)
  6 bats
  A giant cockroach (D:2)
  9 goblins
  6 hobgoblins
  3 jackals (D:1)
  8 kobolds
  2 frilled lizards (D:1)
  9 rats
54 creatures vanquished.

Notes
Turn   | Place    | Note
-------+----------+-------------------------------------------
     0 | D:1      | equalderp2856 the Mummy Fighter began the quest for the Orb.
     0 | D:1      | Reached XP level 1. HP: 18/18 MP: 1/1
    70 | D:1      | Reached XP level 2. HP: 11/24 MP: 2/2
   398 | D:1      | Reached XP level 3. HP: 20/29 MP: 3/3
  1159 | D:1      | Reached XP level 4. HP: 7/35 MP: 4/4
  1886 | D:2      | Noticed Jessica
  1899 | D:2      | Killed Jessica
  2061 | D:3      | Reached skill level 1 in Spellcasting
  2061 | D:3      | Reached XP level 5. HP: 37/41 MP: 6/6
  2062 | D:3      | Noticed Ijyb
  2065 | D:3      | Killed from afar by Ijyb

Skill      XL: |  1  2  3  4 |
---------------+-------------+-----
Axes           | 2 |  2.9
Spellcasting   | 1 |  1.0
Fighting       | |  3.5
Armour         | |  2.9
Dodging        | |  0.5
Shields        | |  2.9

Action                   |  1- 3 |  4- 6 || total
-------------------------+-------+-------++-------
Melee: War axe           |   110 |    60 ||   170
Armor: Scale mail        |    56 |    21 ||    77
Dodge: Dodged            |    36 |    13 ||    49
Block: Shield            |    59 |    42 ||   101
